 Dungeon Crawl Stone Soup version 0.31.0-11-ge490571c62 (webtiles) character file.

Game seed: 3952453158316341501

936 HarmonicDistortion the Trooper (level 8, -8/57 HPs)
             Began as an Octopode Monk on Feb 5, 2024.
             Mangled by an orc warrior
             ... wielding a +0 trident
              (18 damage)
             ... on level 5 of the Dungeon.
             The game lasted 00:06:02 (4299 turns).

HarmonicDistortion the Trooper (Octopode Monk)      Turns: 4299, Time: 00:06:03

Health: -8/57      AC:  1    Str: 13    XL:     8   Next: 12%
Magic:  17/17      EV: 15    Int: 20    God:
Gold:   265        SH:  0    Dex: 15    Spells: 7/7 levels left

rFire   . . .        e - +3 spear "Beetleslayer" {spect, Str+3 Int+6}
rCold   . . .        b - orb {light}
rNeg    . . .        (helmet restricted)
rPois   .            (no amulet)
rElec   .            v - ring of see invisible
rCorr   .            M - ring of magical power
SInv    +            (no ring)
Will    .....        (no ring)
Stlth   +            (no ring)
HPRegen 0.29/turn    (no ring)
MPRegen 0.15/turn    (no ring)
                     (no ring)

%: no passive effects
@: glowing
A: almost no armour, amphibious, 8 rings, camouflage 1, gelatinous body 1,
(nimble swimmer 1), tentacles
a: no special abilities


You were on level 5 of the Dungeon.
You visited 1 branch of the dungeon, and saw 5 of its levels.
You also visited: Sewer.

You collected 265 gold pieces.


Innate Abilities, Weirdness & Mutations

You cannot wear most types of armour.
You are amphibious.
You can wear up to eight rings at the same time.
Your skin changes colour to match your surroundings (Stealth+).
Your rubbery body absorbs attacks. (AC +1, EV +1)
((You are camouflaged when in or above water. (Stealth+)))
You have tentacles for arms and can constrict up to eight enemies at once.


   Skills:
 + Level 5.8 Fighting
 + Level 4.9 Polearms
 - Level 5.0 Dodging
 - Level 3.7 Unarmed Combat
 + Level 2.9 Evocations


You had 7 spell levels left.
You didn't know any spells.
Your spell library contained the following spells:

 Spells                   Type           Power      Damage    Failure   Level
 Slow                     Hex            0%         N/A       19%         1
 Confusing Touch          Hex            0%         N/A       50%         3
 Sigil of Binding         Hex            0%         N/A       50%         3
 Summon Ice Beast         Ice/Summ       0%         N/A       50%         3
 Vampiric Draining        Necr           0%         2d6       50%         3
 Summon Mana Viper        Hex/Summ       0%         N/A       99%         5
 Monstrous Menagerie      Summ           0%         N/A       100%        7

Inventory:

Hand Weapons
 e - the +3 spear "Beetleslayer" (weapon) {spect, Str+3 Int+6}
   (You found it on level 2 of the Dungeon)

   Str+3:     It affects your strength (+3).
   Int+6:     It affects your intelligence (+6).
 w - a +4 trident
Armour
 b - an orb of light (worn)
Magical Staves
 o - a staff of earth {!a}
Jewellery
 v - a ring of see invisible (left tentacle)
 M - a ring of magical power (right tentacle)
Scrolls
 c - 2 scrolls of fear {unknown}
 f - 2 scrolls of vulnerability {unknown}
 h - 2 scrolls of identify {@r1}
 j - a scroll of enchant armour {unknown}
 l - 2 scrolls of noise {unknown}
 n - a scroll of blinking {unknown}
 q - 2 scrolls of torment {unknown}
 r - a scroll of brand weapon {unknown}
 u - a scroll of teleportation {unknown}
 x - a scroll of silence {unknown}
Potions
 a - a potion of ambrosia
 d - 2 potions of curing {@q1}
 g - a potion of attraction
 i - a potion of lignification
 k - a potion of mutation
 m - 2 potions of might
 p - 3 potions of enlightenment
 t - a potion of invisibility

Dungeon Overview and Level Annotations

Branches:
Dungeon (5/15)              Sewer (visited)
 Temple: D:4-7

Altars:
Fedhas

Shops:
D:2

*:!* .......#...#
#......<.........#
........#..#
#.................+
..#.....#...##...............
..##....##...................
........#....................
.............................
.............................
................oo...........
...............{@.......
................).......
.......................#
.......................#
.......................#
...........##...........
.......#..####..........
...#####.## ##..####... ...#
#.# #.## #.


You could see an orc warrior, an orc and a friendly +3 spear "Beetleslayer"
{spect, Str+3 Int+6}.


Message History

The orc warrior is moderately wounded.
Your +3 spear "Beetleslayer" {spect, Str+3 Int+6} hits the orc warrior from afar.
The orc warrior hits you from afar with a +0 trident!
You hit the orc wizard but do no damage.
Your grab misses the orc wizard. You tentacle-slap the orc wizard.
The orc wizard is lightly wounded.
Your +3 spear "Beetleslayer" {spect, Str+3 Int+6} hits the orc wizard from afar!
The orc warrior hits you from afar with a +0 trident!
* * * LOW HITPOINT WARNING * * *
The orc wizard hits you with a +0 dagger.
* * * LOW HITPOINT WARNING * * *
Unknown command.
Unknown command.
You puncture the orc wizard!
You kill the orc wizard!
Your +3 spear "Beetleslayer" {spect, Str+3 Int+6} disappears.
The orc warrior closely misses you.
The orc warrior hits you with a +0 trident!
* * * LOW HITPOINT WARNING * * *
Unknown command.
You feel better.
The orc warrior hits you with a +0 trident.
* * * LOW HITPOINT WARNING * * *
Unknown command.
You hit the orc warrior. You grab the orc warrior.
The orc warrior is heavily wounded.
Your +3 spear "Beetleslayer" {spect, Str+3 Int+6} hits the orc warrior but does no damage.
You constrict the orc warrior, but do no damage.
The orc warrior hits you with a +0 trident!!
You die...

Skill      XL: |  1  2  3  4  5  6  7 |
---------------+----------------------+-----
Fighting       | 4 5 |  5.8
Polearms       | 2 4 |  4.9
Dodging        | 4 5 |  5.0
Evocations     | 2 |  2.9
Unarmed Combat | |  3.7

Action                     |  1- 3 |  4- 6 |  7- 9 || total
---------------------------+-------+-------+-------++-------
  Melee: Unarmed           |    27 |       |       ||    27
         Tentacles         |    13 |    14 |    10 ||    37
         Constrict         |    14 |    22 |     6 ||    42
         Spear             |    35 |   112 |    41 ||   188
         Punch             |       |     2 |     3 ||     5
    Use: Scroll            |       |     7 |       ||     7
         Potion            |       |       |     2 ||     2
   Stab: Sleeping          |     1 |     3 |       ||     4
         Distracted        |       |     1 |     1 ||     2
 Armour: Skin              |    23 |    16 |    17 ||    56
  Dodge: Dodged            |    27 |    20 |    19 ||    66

Levels and vault maps discovered:
D:1:      roderic_octagonal_star, layout_loops_corners,
          shapermc_ecumenical_altar_acropolis, serial_glass, glass_columns_a,
          glass_columns_a, patterned_corridor
D:2:      layout_rooms, serial_shops, shop, shop, shop, shop,
          minmay_tromino_v4_c
D:3:      layout_basic, fedhas_altar_1
D:4:      minmay_general_purpose_star, layout_cave_pods, gup_sewer_entry_bowl
D:5:      layout_layer_cave, dk_vineyard_3, chequers_arboretum

Notes
Turn   | Place    | Note
-------+----------+-------------------------------------------
     0 | D:1      | HarmonicDistortion the Octopode Monk began the quest for
                  | the Orb.
     0 | D:1      | Reached XP level 1. HP: 16/16 MP: 1/1
   255 | D:1      | You fall into a shaft and drop 1 floor!
   263 | D:2      | Reached XP level 2. HP: 21/21 MP: 2/2
   276 | D:2      | Found Ukhlaura's Distillery.
   388 | D:2      | Identified the +3 spear "Beetleslayer" {spect, Str+3 Int+6}
   571 | D:1      | Reached XP level 3. HP: 25/26 MP: 3/3
   625 | D:1      | Found a faded altar of an unknown god.
  1157 | D:2      | Found Awkes's Assorted Antiques.
  1187 | D:2      | Found Zocerer's Book Shop.
  1256 | D:2      | Reached XP level 4. HP: 20/33 MP: 4/4
  1257 | D:2      | Reached skill level 4 in Fighting
  1257 | D:2      | Reached skill level 1 in Polearms
  1393 | D:2      | Found Qyqirch's Assorted Antiques.
  1519 | D:3      | Reached skill level 2 in Polearms
  1644 | D:3      | Found a blossoming altar of Fedhas.
  1765 | D:3      | Reached XP level 5. HP: 28/37 MP: 5/5
  1766 | D:3      | Reached skill level 3 in Polearms
  2205 | D:4      | Reached skill level 4 in Polearms
  2412 | D:4      | Reached XP level 6. HP: 43/43 MP: 6/6
  2428 | D:4      | Found a glowing drain.
  2432 | Sewer    | Entered a sewer
  3208 | D:4      | Reached skill level 4 in Dodging
  3213 | D:4      | Reached skill level 5 in Fighting
  3213 | D:4      | Reached XP level 7. HP: 37/50 MP: 7/7
  3653 | D:5      | Entered Level 5 of the Dungeon
  3810 | D:5      | Reached skill level 5 in Dodging
  3914 | D:5      | Reached skill level 1 in Evocations
  3982 | D:5      | HP: 2/50 [ice beast (6)]
  3987 | D:5      | Reached skill level 2 in Evocations
  4225 | D:5      | Reached XP level 8. HP: 57/57 MP: 8/8
  4299 | D:5      | Mangled by an orc warrior

Vanquished Creatures
  An ice beast (D:5)
  An ogre (D:5)
  A centaur (D:5)
  A phantom (D:5)
  A brain worm (Sewer)
  2 scorpions (D:5)
  An orc priest (D:4)
  A hound (D:4)
  5 orc wizards
  10 adders
  2 river rats (Sewer)
  A shadow imp (D:5)
  5 dart slugs
  2 ribbon worms
  9 orcs
  13 ball pythons
  3 endoplasms
  6 giant cockroaches
  12 goblins
  14 hobgoblins
  3 jackals (D:2)
  6 kobolds
  4 quokkas
  10 bats
  7 frilled lizards
  5 rats
126 creatures vanquished.

Table legend: (Time is in decaauts)
 A = Elapsed time spent in this place.
 B = Non-inter-level travel time spent in this place.
 C = Inter-level travel time spent in this place.
 D = Time resting spent in this place.
 E = Time spent auto-exploring this place.
 F = Levels seen in this place.
 G = Mean time per level.
                   A        B        C        D        E       F      G
               +--------+--------+--------+--------+--------+-----+--------+
         Total |   4285 |   4143 |    142 |    415 |   3065 |   6 |  714.2 |
       Dungeon |   3733 |   3591 |    142 |    315 |   2745 |   5 |  746.6 |
         Sewer |    551 |    551 |      0 |    100 |    320 |   1 |  551.0 |
               +--------+--------+--------+--------+--------+-----+--------+

Top non-repeatable levels by time:
     D:1: 1013 daAuts
     D:4: 963 daAuts
     D:3: 659 daAuts
     D:5: 597 daAuts
   Sewer: 551 daAuts
     D:2: 499 daAuts

Table legend:
 A = Non-vault XP
 B = Vault XP
 C = Vault XP percentage of total XP
 D = Non-vault monster count
 E = Vault monster count
 F = Vault count percentage of total count
                 A         B        C        D         E       F
            +---------+---------+-------+---------+---------+-------
      Total |    1140 |     198 |  14.8 |      95 |      31 |  24.6
            +---------+---------+-------+---------+---------+-------
        D:1 |      40 |       0 |   0.0 |      20 |       0 |   0.0
        D:2 |      81 |       1 |   1.2 |      26 |       1 |   3.7
        D:3 |     137 |       0 |   0.0 |      26 |       0 |   0.0
        D:4 |     184 |       6 |   3.2 |      12 |       4 |  25.0
        D:5 |     698 |       0 |   0.0 |      11 |       0 |   0.0
      Sewer |       0 |     191 | 100.0 |       0 |      26 | 100.0
            +---------+---------+-------+---------+---------+-------
